 Dungeon Crawl Stone Soup version 0.26.1 (webtiles) character file.

Game seed: 4539713809986237762

4470 hawla the Destroyer (level 10, -10/69 HPs)
             Began as a Green Draconian Conjurer on Feb 5, 2021.
             Was a Follower of Ashenzari.
             Mangled by a large slime creature (35 damage)
             ... on level 8 of the Dungeon.
             The game lasted 00:21:44 (10246 turns).

hawla the Destroyer (Green Draconian Conjurer)     Turns: 10246, Time: 00:21:45

Health: -10/69     AC:  9    Str:  9    XL:     10   Next: 15%
Magic:  3/21       EV: 12    Int: 22    God:    Ashenzari [*.....]
Gold:   459        SH:  0    Dex: 10    Spells: 15/24 levels left

rFire    . . .     SeeInvis .   w - +6 quarterstaff (spect) (curse)
rCold    . . .     Faith    .   (shield currently unavailable)
rNeg     . . .     Spirit   .   (armour unavailable)
rPois    +         Reflect  .   h - +2 hat
rElec    .         Harm     .   (no cloak)
rCorr    +         Rampage  .   (no gloves)
Will     .....                  (no boots)
Stlth    ++........             (no amulet)
HPRegen  0.21/turn              b - ring of resist corrosion
MPRegen  0.17/turn              (no ring)

@: no status effects
A: breathe noxious fumes, unfitting armour, poison resistance, cold-blooded, AC
+7
a: Breathe Noxious Fumes, Renounce Religion, Curse Item, Scrying


You were on level 8 of the Dungeon.
You worshipped Ashenzari.
Ashenzari was aware of your devotion.
You visited 2 branches of the dungeon, and saw 9 of its levels.

You collected 459 gold pieces.

Inventory:

Hand Weapons
 w - a cursed +6 spectral quarterstaff (weapon)
 C - the cursed +1 spear of Action {venom, rF+ rN+}
   (You found it on level 8 of the Dungeon)

   It poisons the flesh of those it strikes.
   It protects you from fire.
   It protects you from negative energy.
   It has a curse placed upon it.
Missiles
 d - 7 javelins (quivered)
 o - 2 curare-tipped darts
 p - 7 boomerangs
 q - 8 atropa-tipped darts
 x - 47 poisoned darts
Armour
 h - a +2 hat (worn)
Jewellery
 b - a ring of resist corrosion (left hand)
Wands
 l - a wand of iceblast (9)
 t - a wand of disintegration (11)
 y - a wand of enslavement (7)
 z - a wand of flame (13)
Scrolls
 e - 5 scrolls of remove curse
 k - 2 scrolls of teleportation
 n - a scroll of amnesia
 u - a scroll of identify
 B - a scroll of magic mapping {unknown}
Potions
 a - 2 potions of lignification
 c - 3 potions of might {unknown}
 f - a potion of heal wounds
 g - a potion of invisibility
 i - a potion of degeneration {unknown}
 j - 3 potions of resistance
 m - a potion of magic
 r - 3 potions of mutation {unknown}
 s - 2 potions of flight
 v - 3 potions of brilliance
 A - a potion of cancellation {unknown}


   Skills:
 - Level 4.0 Staves
 - Level 1.7 Dodging
 - Level 1.7 Stealth
 + Level 7.9 Spellcasting
 + Level 9.5 Conjurations
 - Level 2.0 Translocations
 + Level 1.8 Transmutations
 - Level 6.4 Fire Magic
 + Level 1.8 Earth Magic
 - Level 1.0 Poison Magic


You had 15 spell levels left.
You knew the following spells:

 Your Spells              Type           Power        Failure   Level
a - Magic Dart            Conj           100%         1%          1
b - Searing Ray           Conj           100%         1%          2
c - Iskenderun's Mystic   Conj/Tloc      34%          7%          4
d - Passwall              Tmut/Erth      13%          5%          2

Your spell library contained the following spells:

 Spells                   Type           Power        Failure   Level
 Stone Arrow              Conj/Erth      66%          2%          3
 Beastly Appendage        Tmut           32%          3%          1
 Sandblast                Erth           32%          3%          1
 Dazzling Flash           Conj/Hex       58%          3%          3
 Wereblood                Tmut           16%          5%          2
 Animate Skeleton         Necr           16%          8%          1
 Fulminant Prism          Conj/Hex       14%          11%         4
 Spider Form              Tmut/Pois      7%           12%         3
 Petrify                  Tmut/Erth      16%          34%         4
 Ice Form                 Ice/Tmut       12%          45%         4
 Dispel Undead            Necr           8%           58%         4
 Blade Hands              Tmut           8%           67%         5
 Lee's Rapid Deconstruct  Erth           8%           69%         5
 Simulacrum               Ice/Necr       4%           100%        6
 Shatter                  Erth           8%           100%        9


Dungeon Overview and Level Annotations

Branches:
Dungeon (8/15)             Temple (1/1) D:6
   Lair: D:8-11

Altars:
Ashenzari
Cheibriados
Dithmenos
Elyvilon
Fedhas
Gozag
Hepliaklqana
Kikubaaqudgha
Makhleb
Nemelex Xobeh
Okawaru
Qazlal
Ru
Sif Muna
Trog
Uskayaw
Vehumet
Wu Jian
Xom
Yredelemnul
Zin
The Shining One
Jiyva

Annotations:
D:3 3 runed translucent doors, growler's ghost, weakling TeAE


Innate Abilities, Weirdness & Mutations

You can breathe blasts of noxious fumes.
Your lurid green scales are hard. (AC +7)
You cannot fit into any form of body armour.
Your system is resistant to poisons. (rPois)
You are cold-blooded and may be slowed by cold attacks.


Message History

The large slime creature is heavily wounded.
The searing ray hits the jelly.
You kill the jelly!
The searing ray hits the large slime creature!
The large slime creature is heavily wounded.
The searing ray hits the large slime creature!
The large slime creature is severely wounded.
You finish channeling your searing ray.
The large slime creature closely misses you.
You barely miss the large slime creature.
Your tail-slap misses the large slime creature.
The large slime creature is severely wounded.
The large slime creature hits you!!!
Ouch! That really hurt!
The large slime creature hits you but does no damage.
You sock the large slime creature!
The large slime creature is severely wounded.
The large slime creature hits you!!
Ouch! That really hurt!
You die...

..#.............###.##...##...##.
..#..............#####...##...##.
###'####..##......# #...##...##.
###.####'###.....## #...##......
............(...######...##......
..........................#......
....##....##...####......##...##.
....################.....##...##.
.....# ##...##@###.............
#...## #.....#J##.).....#####..
##### ......'..........#(..#.. #
_[....'..##......#.>.#.. #
$)....'.###......#.[.#.. #
#.....#.##......)#####.. #
##...##.##......)....... #
#########.......#...##. #
#######.....##.).##.


You could see a large slime creature.

Vanquished Creatures
  The ghost of swilekon the Thaumaturge, a journeyman DEFE of Hepliaklqana (D:8)
  A two-headed ogre (D:8)
  An oklob plant (D:6)
  Grinder (D:5)
  4 yaks (D:7)
  A steam dragon (D:8)
  2 sky beasts
  A centaur (D:6)
  4 ogres
  2 bullfrogs
  A scorpion (D:5)
  8 wights (D:8)
  7 jellies
  2 bullfrog skeletons
  2 centaur skeletons
  2 hounds
  3 iguanas
  2 worker ants
  A hound skeleton (D:8)
  2 worker ant zombies
  A howler monkey skeleton (D:4)
  9 adders
  A white imp (D:5)
  2 ufetubi
  An adder skeleton (D:7)
  3 dart slugs
  3 worms (D:3)
  16 orcs
  A ball python (D:3)
  5 giant cockroaches
  11 hobgoblins
  9 jackals
  7 kobolds
  3 quokkas
  2 bats
  5 frilled lizards
  7 goblins
  A leopard gecko zombie (D:5)
  5 rats
  A butterfly (D:6)
141 creatures vanquished.

Vanquished Creatures (others)
  9 fungi (D:6)
  41 plants
50 creatures vanquished.

Grand Total: 191 creatures vanquished

Notes
Turn   | Place    | Note
-------+----------+-------------------------------------------
     0 | D:1      | hawla the Draconian Conjurer began the quest for the Orb.
     0 | D:1      | Reached XP level 1. HP: 14/14 MP: 3/3
   262 | D:1      | Reached XP level 2. HP: 10/20 MP: 0/5
   265 | D:1      | Learned a level 2 spell: Searing Ray
  1314 | D:1      | Reached XP level 3. HP: 25/26 MP: 3/6
  1713 | D:2      | You fall into a shaft and drop 2 floors!
  1752 | D:4      | Reached skill level 5 in Conjurations
  1827 | D:3      | Found a glowing golden altar of the Shining One.
  1827 | D:3      | Noticed an angel
  1832 | D:3      | Found a runed translucent door.
  1884 | D:2      | Reached XP level 4. HP: 33/33 MP: 2/8
  1889 | D:2      | Learned a level 4 spell: Iskenderun's Mystic Blast
  3001 | D:3      | Reached skill level 1 in Translocations
  3291 | D:3      | Found a large runed translucent door.
  3291 | D:3      | Found a large runed translucent door.
  3387 | D:3      | Reached XP level 5. HP: 38/38 MP: 1/9
  4165 | D:3      | Noticed an angel
  4166 | D:3      | Found a glowing silver altar of Zin.
  4218 | D:3      | Noticed growler's ghost (weakling TeAE)
  4427 | D:4      | Noticed an ogre
  4434 | D:4      | Killed an ogre
  4435 | D:4      | Reached XP level 6. HP: 45/45 MP: 1/11
  4561 | D:4      | Reached skill level 6 in Conjurations
  5178 | D:5      | Entered Level 5 of the Dungeon
  5213 | D:5      | Noticed Grinder
  5378 | D:5      | Killed Grinder
  5379 | D:5      | Your scales start taking on a lurid green colour.
  5379 | D:5      | Reached XP level 7. HP: 26/50 MP: 3/14
  5379 | D:5      | Gained mutation: Your system is resistant to poisons.
                  | (rPois) [Green Draconian growth]
  5864 | D:5      | Reached skill level 1 in Poison Magic
  6103 | D:6      | Found Aseuwus's Elemental Accessories.
  6183 | D:6      | Found a staircase to the Ecumenical Temple.
  6260 | Temple   | Entered the Ecumenical Temple
  6580 | Temple   | Became a worshipper of Ashenzari the Shackled
  6622 | D:6      | Reached skill level 1 in Fire Magic
  6751 | D:6      | Reached skill level 5 in Spellcasting
  6841 | D:6      | Reached skill level 7 in Conjurations
  6976 | D:6      | Reached XP level 8. HP: 57/57 MP: 9/15
  7329 | D:6      | Found a blossoming altar of Fedhas.
  7341 | D:6      | Noticed an oklob plant
  7435 | D:6      | Killed an oklob plant
  8338 | D:7      | Identified the Papyrus of the Ghastly Rocks
  8429 | D:7      | Found a shimmering altar of Xom.
  8567 | D:7      | Reached skill level 8 in Conjurations
  8567 | D:7      | Reached XP level 9. HP: 47/62 MP: 10/18
  8827 | D:7      | Reached skill level 5 in Fire Magic
  9120 | D:8      | Identified the cursed +1 spear of Action {venom, rF+ rN+}
  9468 | D:8      | Reached * piety under Ashenzari
  9774 | D:8      | Noticed a two-headed ogre
  9776 | D:8      | Found a runed translucent gate.
  9782 | D:8      | Killed a two-headed ogre
  9783 | D:8      | Reached skill level 9 in Conjurations
  9852 | D:8      | Found a runed translucent gate.
  9852 | D:8      | Found a runed translucent gate.
 10162 | D:8      | Noticed swilekon's ghost (journeyman DEFE)
 10175 | D:8      | Learned a level 2 spell: Passwall
 10219 | D:8      | Found a viscous altar of Jiyva.
 10240 | D:8      | Killed swilekon's ghost
 10241 | D:8      | Reached skill level 1 in Transmutations
 10241 | D:8      | Reached skill level 1 in Earth Magic
 10241 | D:8      | Reached XP level 10. HP: 60/69 MP: 7/21
 10246 | D:8      | Mangled by a large slime creature

Illustrated notes

Levels and vault maps discovered:
D:1:      dpeg_arrival_boxes_within_box, layout_loops_cross
D:2:      layout_basic, serial_bayou_lagoon_a
D:3:      layout_basic, zin_angel, ebering_ghost_disaster_area, minivault_5,
          st_stairs_2, roderic_lattice_a, lemuel_angel_altar
D:4:      layout_basic
D:5:      layout_rooms, serial_bayou_pond_b, uniq_grinder
D:6:      layout_loops_ring, minmay_temple_entry_butterflies,
          nicolae_elemental_shop, tgw_fedhas
D:7:      layout_loops_ring, basic_altar
D:8:      layout_gridville, gammafunk_ghost_ooze, nicolae_straight_to_the_point
Temple:   nicolae_temple_the_god_donut

Skill      XL: |  1  2  3  4  5  6  7  8  9 |
---------------+----------------------------+-----
Conjurations   | 5 6 7 8 9 |  9.5
Spellcasting   | 3 4 5 6 7 |  7.9
Translocations | 1 2 |  2.0
Staves         | 2 4 |  4.0
Poison Magic   | 1 |  1.0
Fire Magic     | 2 4 6 |  6.4
Transmutations | 1 |  1.8
Earth Magic    | 1 |  1.8
Dodging        | |  1.7
Stealth        | |  1.7

Action                   |  1- 3 |  4- 6 |  7- 9 | 10-12 || total
-------------------------+-------+-------+-------+-------++-------
Melee: Unarmed           |    47 |     2 |       |       ||    49
       Tailslap          |     3 |       |    11 |       ||    14
       Quarterstaff      |       |       |    86 |     2 ||    88
 Cast: Magic Dart        |    37 |    35 |    32 |       ||   104
       Searing Ray       |    15 |    34 |    35 |     1 ||    85
       Iskenderun's Myst |       |     1 |    17 |       ||    18
       Passwall          |       |       |     2 |       ||     2
Invok: Curse Item        |       |       |     1 |       ||     1
  Use: Scroll            |       |       |    25 |       ||    25
Armor: Skin              |    17 |     5 |    28 |     2 ||    52
Dodge: Dodged            |    44 |    16 |    66 |     1 ||   127
